 Dungeon Crawl Stone Soup version 0.30.0-10-gfe55d96785 (webtiles) character file.

Game seed: 9805434456585552614

553 adizb the Chopper (level 7, 0/61 HPs)
             Began as a Minotaur Monk on May 16, 2023.
             Was a Follower of Trog.
             Slain by a killer bee (5 damage)
             ... on level 5 of the Dungeon.
             The game lasted 00:12:40 (3052 turns).

adizb the Chopper (Minotaur Monk)                   Turns: 3052, Time: 00:12:41

Health: 0/61       AC: 11    Str: 17    XL:     7   Next: 8%
Magic:  6/6        EV:  2    Int:  7    God:    Trog [*.....]
Gold:   166        SH: 13    Dex: 13    Spells: 6/6 levels left

rFire   . . .        a - +0 hand axe
rCold   . . .        l - +0 tower shield
rNeg    . . .        q - +0 plate armour
rPois   .            (helmet restricted)
rElec   .            (no cloak)
rCorr   .            (no gloves)
SInv    .            (no boots)
Will    .....        g - amulet of faith Stlth
                     (no ring)
HPRegen 0.30/turn    (no ring)
MPRegen 0.10/turn

%: faith
@: lethally poisoned (0 -> -17), on berserk cooldown, slowed, very slow
A: horns 2, retaliatory headbutt
a: Renounce Religion, Berserk


You were on level 5 of the Dungeon.
You worshipped Trog.
Trog was aware of your devotion.
You visited 2 branches of the dungeon, and saw 6 of its levels.

You collected 166 gold pieces.

Inventory:

Hand Weapons
 a - a +0 hand axe (weapon)
Armour
 l - a +0 tower shield (worn)
 q - a +0 plate armour (worn)
Jewellery
 g - an amulet of faith (around neck)
Wands
 k - a wand of mindburst (12)
Scrolls
 e - a scroll of enchant armour {unknown}
 i - a scroll of vulnerability {unknown}
 m - a scroll of torment {unknown}
 n - a scroll of blinking {unknown}
 o - 2 scrolls of teleportation
 r - a scroll of identify
Potions
 b - 4 potions of berserk rage
 c - 2 potions of ambrosia
 d - a potion of brilliance {unknown}
 f - 3 potions of lignification
 h - 2 potions of curing
 j - a potion of heal wounds {unknown}
 p - 3 potions of haste {unknown}


   Skills:
 + Level 5.5 Fighting
 * Level 6.4 Axes
 + Level 3.3 Armour
 - Level 3.2 Dodging
 * Level 4.4 Shields


You had 6 spell levels left.
You didn't know any spells.
Your spell library contained the following spells:

 Spells                   Type           Power      Damage    Failure   Level
 Sandblast                Erth           0%         2d4       100%        1
 Passwall                 Tmut/Erth      0%         N/A       100%        2
 Stone Arrow              Conj/Erth      0%         3d7       100%        3
 Summon Forest            Summ/Tloc      0%         N/A       100%        5
 Summon Mana Viper        Hex/Summ       0%         N/A       100%        5
 Summon Cactus Giant      Summ           0%         N/A       100%        6
 Malign Gateway           Summ/Tloc      0%         N/A       100%        7
 Summon Horrible Things   Summ           0%         N/A       100%        8


Dungeon Overview and Level Annotations

Branches:
Dungeon (5/15)             Temple (1/1) D:5

Altars:
Elyvilon
Gozag
Hepliaklqana
Makhleb
Nemelex Xobeh
Qazlal
Ru
Trog
Vehumet
Wu Jian
Xom
Yredelemnul
Zin


Innate Abilities, Weirdness & Mutations

You have a pair of horns on your head.
You reflexively headbutt those who attack you in melee.


Message History

You slash the killer bee!
You kill the killer bee!
Trog accepts your kill.
The killer bee stings you but does no damage.
You have reached level 7!
You completely miss the killer bee. Your headbutt misses the killer bee.
The killer bee stings you but does no damage.
You block the killer bee's attack.
You completely miss the killer bee. You headbutt the killer bee.
The killer bee is lightly wounded.
You are no longer berserk.
You are exhausted.
You feel yourself slow down. The killer bee stings you.
You are poisoned.
The killer bee poisons you!
The killer bee stings you but does no damage.
You barely miss the killer bee. Your headbutt misses the killer bee.
The killer bee is lightly wounded.
You feel very sick. You block the killer bee's attack.
The killer bee stings you but does no damage.
The killer bee stings you. You block the killer bee's attack.
You miss the killer bee. You headbutt the killer bee!
The killer bee is severely wounded.
You feel sick. You block the killer bee's attack. x2
The killer bee stings you but does no damage.
The killer bee stings you.
* * * LOW HITPOINT WARNING * * *
You are more poisoned.
The killer bee poisons you!
You miss the killer bee.
The killer bee is severely wounded.
You feel very sick. The killer bee stings you!
* * * LOW HITPOINT WARNING * * *
You are more poisoned.
The killer bee poisons you! You block the killer bee's attack.
The killer bee stings you but does no damage.
The killer bee stings you.
You die...

#.#.#.#.#.###....
##..#.#.#...#
#...
##....#.#....##
#..
#.............#
#.
#..........##.##
#..........##..#
..........<.##.##
............##..#
###.........###@#
######...## #y#
##### ##y# y..
..... .....#
.....# .....#
.....#


You could see 3 killer bees.

Vanquished Creatures
  A scorpion (D:5)
  3 killer bees (D:5)
  A hound (D:5)
  A gnoll bouda (D:4)
  Terence (D:3)
  An iguana (D:4)
  An orc wizard (D:5)
  7 gnolls
  8 adders
  2 worms
  4 dart slugs
  4 orcs
  5 ball pythons
  6 endoplasms
  3 giant cockroaches
  6 goblins
  7 hobgoblins
  A jackal (D:4)
  7 kobolds
  6 quokkas
  3 bats
  2 frilled lizards
  4 rats
84 creatures vanquished.

Notes
Turn   | Place    | Note
-------+----------+-------------------------------------------
     0 | D:1      | adizb the Minotaur Monk began the quest for the Orb.
     0 | D:1      | Reached XP level 1. HP: 19/19 MP: 0/0
   265 | D:1      | Reached XP level 2. HP: 27/27 MP: 1/1
   298 | D:1      | Reached skill level 4 in Axes
   463 | D:1      | Reached skill level 1 in Armour
   552 | D:1      | Reached XP level 3. HP: 33/33 MP: 2/2
  1171 | D:2      | Found a sacrificial altar of Ru.
  1274 | D:2      | Reached skill level 1 in Shields
  1425 | D:2      | Reached XP level 4. HP: 41/41 MP: 3/3
  1759 | D:3      | Noticed Terence
  1769 | D:3      | Reached skill level 5 in Axes
  1773 | D:3      | Reached XP level 5. HP: 35/47 MP: 4/4
  1785 | D:3      | Killed Terence
  2187 | D:4      | Reached skill level 5 in Fighting
  2486 | D:4      | Reached XP level 6. HP: 55/56 MP: 5/5
  2730 | D:5      | Entered Level 5 of the Dungeon
  2888 | D:5      | Reached skill level 6 in Axes
  2888 | D:5      | Found a staircase to the Ecumenical Temple.
  2899 | Temple   | Entered the Ecumenical Temple
  2958 | Temple   | Became a worshipper of Trog the Wrathful
  2958 | Temple   | Reached * piety under Trog
  2958 | Temple   | Reached ** piety under Trog
  3048 | D:5      | Reached XP level 7. HP: 49/61 MP: 6/6
  3052 | D:5      | Slain by a killer bee

Illustrated notes

Levels and vault maps discovered:
D:1:      matt_arrival_los_fun, layout_rooms, serial_aquarium,
          aquarium_bridge_square [aquarium_subvault_window,
          aquarium_subvault_bridge, aquarium_subvault_wall,
          aquarium_subvault_bridge], aquarium_window_fake, aquarium_window_fake,
          aquarium_view_2e, aquarium_pool_five, serial_park_tiny_pond,
          minmay_hexomino_u4
D:2:      layout_basic, basic_altar
D:3:      layout_rooms, uniq_terence
D:4:      layout_rooms, minmay_cupped
D:5:      layout_cave_pods, minmay_temple_entry_grid
Temple:   minmay_temple_bridge_abc

Skill      XL: |  1  2  3  4  5  6 |
---------------+-------------------+-----
Fighting       | 4 5 |  5.5
Axes           | 4 5 6 |  6.4
Armour         | 1 2 3 |  3.3
Shields        | 1 2 3 4 |  4.4
Dodging        | |  3.2

Action                     |  1- 3 |  4- 6 |  7- 9 || total
---------------------------+-------+-------+-------++-------
  Melee: Hand axe          |    72 |   200 |     5 ||   277
         Headbutt          |    12 |    24 |     2 ||    38
 Invoke: Berserk           |       |     1 |       ||     1
         Trog's Hand       |       |     1 |       ||     1
    Use: Scroll            |       |     4 |       ||     4
         Potion            |       |     1 |       ||     1
 Armour: Robe              |     4 |       |       ||     4
         Chain mail        |    25 |    57 |       ||    82
         Plate armour      |       |    78 |     5 ||    83
  Dodge: Dodged            |    25 |    26 |       ||    51
  Block: Tower shield      |    18 |   144 |     6 ||   168
